Sewer Rats vs Saguenéens
Created - 20 mars 2014 at 19:03
Goals
|
| Sewer Rats |
3 |
0 |
1 |
1 |
5 |
| Saguenéens |
1 |
0 |
3 |
0 |
4 |
|
Shots
|
| Sewer Rats |
15 |
9 |
13 |
1 |
38 |
| Saguenéens |
7 |
19 |
11 |
0 |
37 |
|
1st period
1. Sewer Rats , Mark Mancari 24 (Vojtech Polak, Zach Bogosian) at 2:09
2. Sewer Rats , Stéphane Yelle 34 (Dustin Byfuglien, Max Pacioretty) at 6:59
3. Sewer Rats , Ville Leino 30 (Kyle Okposo) at 14:48
4. Saguenéens , Brandon Yip 40 (Dwight King, Kyle Brodziak) at 15:19
Penalties :
Lars Eller (Tol) for Hooking (Minor) at 8:43, Justin Schultz (Chi) for Hooking (Minor) at 17:55
2nd period
No Goal
Penalties :
No Penalty
3rd period
5. Sewer Rats , John-Michael Liles 7 (Dustin Byfuglien, Stéphane Yelle) at 7:53 (PP)
6. Saguenéens , Mike Van Ryn 4 (Andreas Johansson) at 9:50 (PP)
7. Saguenéens , Andreas Johansson 23 (Joffrey Lupul) at 14:42
8. Saguenéens , Andreas Johansson 24 (Joffrey Lupul, Kevin Marshall) at 18:55
Penalties :
Wayne Simmonds (Chi) for Hooking (Minor) at 0:07, Max Pacioretty (Tol) for Delaying the game (Minor) at 3:46, Evgeny Dadonov (Chi) for Diving (Minor) at 6:37, Zach Bogosian (Tol) for Diving (Minor) at 9:14, Wayne Simmonds (Chi) for Hooking (Minor) at 10:08
Overtime #1
9. Sewer Rats , Max Pacioretty 37 (Niko Dimitrakos, Matt Lashoff) at 1:23 (PP)
Penalties :
Tyler Kennedy (Chi) for Hooking (Minor) at 0:34
Goalie Stats
Jhonas Enroth (Tol), 33 saves from 37 shots - (0,892), W, 15-11-1, 61:23 minutes
James Reimer (Chi), 33 saves from 38 shots - (0,868), OTL, 22-13-7, 61:23 minutes
Players Stats for Sewer Rats
Player Name G A P +/- PIM S H SB GA TA FO MP PP MP PK MP
------------------------------------------------------------------------------------
Brandon Sutter 0 0 0 1 0 2 0 1 0 0 1/5 16:03 2:53 0:18
Dustin Byfuglien 0 2 2 -1 0 4 3 1 0 0 0/0 24:11 4:20 2:54
John Erskine 0 0 0 0 0 3 3 2 0 0 0/0 19:17 2:37 1:47
John-Michael Liles 1 0 1 -1 0 6 0 4 1 0 0/0 27:19 4:36 2:47
Kyle Okposo 0 1 1 1 0 3 2 0 0 0 1/1 11:53 0:00 0:00
Kyle Quincey 0 0 0 1 0 0 0 0 0 0 0/0 10:13 0:00 0:00
Kyle Turris 0 0 0 0 0 0 0 0 0 2 3/6 11:17 0:00 0:00
Lars Eller 0 0 0 0 2 0 0 0 0 0 1/2 7:52 0:00 0:00
Mark Mancari 1 0 1 0 0 1 0 2 0 0 1/1 11:38 0:00 0:00
Matt Lashoff 0 1 1 0 0 1 0 2 1 0 0/0 19:17 2:37 1:47
Max Pacioretty 1 1 2 -1 2 2 1 0 0 0 1/1 21:30 4:20 0:47
Mike Funk 0 0 0 0 0 0 0 0 0 1 0/0 4:34 0:00 0:00
Mike Mottau 0 0 0 -1 0 0 1 2 1 1 0/0 27:19 4:36 2:47
Niko Dimitrakos 0 1 1 0 0 3 2 1 0 0 1/1 13:04 2:53 0:44
Patrick Bordeleau 0 0 0 0 0 0 2 0 0 0 0/0 7:31 0:00 0:00
Stéphane Yelle 1 1 2 -1 0 5 1 1 0 0 17/43 24:14 4:20 2:55
Steven Kampfer 0 0 0 0 0 0 0 0 0 0 0/0 4:34 0:00 0:00
Ville Leino 1 0 1 1 0 5 0 2 1 2 0/0 16:38 2:53 0:30
Vojtech Polak 0 1 1 0 0 3 0 1 0 0 0/0 12:19 0:00 1:00
Zach Bogosian 0 1 1 1 2 0 0 4 0 0 0/0 10:12 0:00 0:00
Players Stats for Saguenéens
Player Name G A P +/- PIM S H SB GA TA FO MP PP MP PK MP
------------------------------------------------------------------------------------
Andreas Johansson 2 1 3 1 0 4 1 0 1 0 4/7 18:19 2:12 3:55
Brandon Yip 1 0 1 1 0 2 1 2 1 0 3/3 17:12 2:12 3:34
Brian Flynn 0 0 0 1 0 1 0 0 0 0 4/10 11:55 0:00 0:00
Dwight King 0 1 1 1 0 0 1 1 0 0 0/0 12:54 2:12 0:00
Eric Tangradi 0 0 0 -1 0 2 2 0 0 0 0/0 9:33 0:00 0:00
Evgeny Dadonov 0 0 0 -1 2 4 1 0 0 0 1/1 16:55 2:22 0:00
Henrik Tallinder 0 0 0 -1 0 1 2 0 1 0 0/0 19:10 0:00 3:54
Ian Cole 0 0 0 -1 0 1 1 0 0 1 0/0 16:04 1:20 0:00
Joffrey Lupul 0 2 2 1 0 2 1 0 0 0 0/0 13:59 0:00 0:46
Justin Schultz 0 0 0 2 2 2 1 0 0 0 0/0 21:14 3:14 0:00
Kevin Marshall 0 1 1 -1 0 4 0 0 0 1 0/0 18:56 0:00 4:07
Kyle Brodziak 0 1 1 1 0 2 1 0 0 0 4/7 13:39 0:00 1:43
Mike Van Ryn 1 0 1 2 0 2 1 1 0 1 0/0 25:01 3:14 3:54
Rhett Rakhshani 0 0 0 -1 0 0 0 0 0 0 0/0 9:33 0:00 0:00
Trevor Daley 0 0 0 -1 0 5 4 1 1 0 0/0 22:25 1:20 4:07
Tyler Kennedy 0 0 0 -1 2 2 0 0 1 0 11/22 16:57 2:22 0:00
Wayne Primeau 0 0 0 -1 0 1 3 1 0 0 6/9 14:17 0:00 3:50
Wayne Simmonds 0 0 0 -1 4 2 2 0 1 1 1/1 19:23 2:22 1:26
3 Stars
1 - Andreas Johansson (Chi)
2 - Mike Van Ryn (Chi)
3 - Brandon Yip (Chi)
Power Play
Sewer Rats - 2 on 5 Attempt(s) - 40,00%
Saguenéens - 1 on 3 Attempt(s) - 33,33%
Penalty Kill
Sewer Rats - 2 on 3 Attempt(s) - 66,67%
- Score 0 goal in Penalty Kill
Saguenéens - 3 on 5 Attempt(s) - 60,00%
- Score 0 goal in Penalty Kill
Official
Referees : Martell Rob and Kowal Tom
Linesman : Jay Sharrers and Scott Driscoll
Game Notes
14:11 of 2nd period - Saguenéens goal is going for a video replay. After video review, No Goal. The net was displaced accidentally.
Finance
Level 1 -- Attendance: 1417 (70,85%) -- Ticket Income 56 680 $
Level 2 -- Attendance: 763 (76,30%) -- Ticket Income 15 260 $
Total Attendance: 2180 (72,67%)
Total Ticket Income: 71 940 $
Other Income: 3 597 $
Total Income: 75 537 $
Sewer Rats
5 vs 5 Forward
Center Left Wing Right Wing Time % Phy DF OF
1 Stéphane Yelle Max Pacioretty Dustin Byfuglien 40 1 2 2
2 Brandon Sutter Ville Leino Kyle Okposo 30 1 2 2
3 Kyle Turris Vojtech Polak Mark Mancari 20 1 2 2
4 Lars Eller Patrick Bordeleau Niko Dimitrakos 10 1 2 2
5 vs 5 Defense
Defense Defense Time % Phy DF OF
1 Mike Mottau John-Michael Liles 40 1 2 2
2 Matt Lashoff John Erskine 30 1 2 2
3 Kyle Quincey Zach Bogosian 20 1 2 2
4 Mike Funk Steven Kampfer 10 1 2 2
PowerPlay Forward
Center Left Wing Right Wing Time % Phy DF OF
1 Stéphane Yelle Max Pacioretty Dustin Byfuglien 60 1 2 2
2 Brandon Sutter Ville Leino Niko Dimitrakos 40 1 2 2
PowerPlay Defense
Defense Defense Time % Phy DF OF
1 Mike Mottau John-Michael Liles 60 1 2 2
2 Matt Lashoff John Erskine 40 1 2 2
Penalty Kill 4 Players Forward
Center Wing Time % Phy DF OF
1 Stéphane Yelle Dustin Byfuglien 60 1 2 2
2 Niko Dimitrakos Max Pacioretty 40 1 2 2
Penalty Kill 4 Players Defense
Defense Defense Time % Phy DF OF
1 Mike Mottau John-Michael Liles 60 1 2 2
2 Matt Lashoff John Erskine 40 1 2 2
Penalty Kill - 3 Players Forward
Forward Time % Phy DF OF
1 Stéphane Yelle 60 1 2 2
2 Dustin Byfuglien 40 1 2 2
Penalty Kill - 3 Players Defense
Defense Defense Time % Phy DF OF
1 Mike Mottau John-Michael Liles 60 1 2 2
2 Matt Lashoff John Erskine 40 1 2 2
4 vs 4 Forward
Center Wing Time % Phy DF OF
1 Stéphane Yelle Dustin Byfuglien 60 1 2 2
2 Niko Dimitrakos Max Pacioretty 40 1 2 2
4 vs 4 Defense
Defense Defense Time % Phy DF OF
1 Mike Mottau John-Michael Liles 60 1 2 2
2 Matt Lashoff John Erskine 40 1 2 2
Last Minutes Offensive
Center Left Wing Right Wing Defense Defense
Stéphane Yelle Max Pacioretty Dustin Byfuglien Mike Mottau John-Michael Liles
Last Minutes Defensive
Center Left Wing Right Wing Defense Defense
Stéphane Yelle Max Pacioretty Dustin Byfuglien Mike Mottau John-Michael Liles
Goaltenders
Starting : Jhonas Enroth
Backup : Semyon Varlamov
Extra Forwards
Normal : Mark Mancari, Kyle Okposo, Vojtech Polak - PP : Mark Mancari, Kyle Okposo - PK : Vojtech Polak
Extra Defensemen
Normal : Kyle Quincey, Zach Bogosian, Mike Funk - PP : Kyle Quincey - PK : Zach Bogosian, Mike Funk
Penalty Shots
Stéphane Yelle, Dustin Byfuglien, Niko Dimitrakos, Max Pacioretty, Ville Leino
Saguenéens
5 vs 5 Forward
Center Left Wing Right Wing Time % Phy DF OF
1 Tyler Kennedy Evgeny Dadonov Wayne Simmonds 35 1 2 2
2 Kyle Brodziak Dwight King Brandon Yip 30 2 1 2
3 Brian Flynn Andreas Johansson Joffrey Lupul 25 1 2 2
4 Wayne Primeau Eric Tangradi Rhett Rakhshani 10 1 2 2
5 vs 5 Defense
Defense Defense Time % Phy DF OF
1 Justin Schultz Mike Van Ryn 33 1 2 2
2 Trevor Daley Kevin Marshall 32 1 2 2
3 Ian Cole Henrik Tallinder 30 1 2 2
4 Justin Schultz Trevor Daley 5 0 2 3
PowerPlay Forward
Center Left Wing Right Wing Time % Phy DF OF
1 Tyler Kennedy Evgeny Dadonov Wayne Simmonds 55 1 1 3
2 Andreas Johansson Dwight King Brandon Yip 45 1 1 3
PowerPlay Defense
Defense Defense Time % Phy DF OF
1 Justin Schultz Mike Van Ryn 55 0 2 3
2 Trevor Daley Ian Cole 45 0 2 3
Penalty Kill 4 Players Forward
Center Wing Time % Phy DF OF
1 Wayne Primeau Brandon Yip 50 1 3 1
2 Andreas Johansson Wayne Simmonds 50 1 3 1
Penalty Kill 4 Players Defense
Defense Defense Time % Phy DF OF
1 Henrik Tallinder Mike Van Ryn 50 1 3 1
2 Trevor Daley Kevin Marshall 50 1 3 1
Penalty Kill - 3 Players Forward
Forward Time % Phy DF OF
1 Andreas Johansson 50 1 3 1
2 Wayne Primeau 50 1 3 1
Penalty Kill - 3 Players Defense
Defense Defense Time % Phy DF OF
1 Mike Van Ryn Henrik Tallinder 50 1 3 1
2 Trevor Daley Kevin Marshall 50 1 3 1
4 vs 4 Forward
Center Wing Time % Phy DF OF
1 Wayne Primeau Brandon Yip 50 1 1 3
2 Tyler Kennedy Evgeny Dadonov 50 1 2 2
4 vs 4 Defense
Defense Defense Time % Phy DF OF
1 Henrik Tallinder Mike Van Ryn 50 1 2 2
2 Kevin Marshall Trevor Daley 50 1 2 2
Last Minutes Offensive
Center Left Wing Right Wing Defense Defense
Tyler Kennedy Evgeny Dadonov Brandon Yip Trevor Daley Mike Van Ryn
Last Minutes Defensive
Center Left Wing Right Wing Defense Defense
Tyler Kennedy Andreas Johansson Wayne Simmonds Trevor Daley Mike Van Ryn
Goaltenders
Starting : James Reimer
Backup : Harru Sateri
Extra Forwards
Normal : Andreas Johansson, Wayne Primeau, Evgeny Dadonov - PP : Kyle Brodziak, Andreas Johansson - PK : Kyle Brodziak
Extra Defensemen
Normal : Henrik Tallinder, Justin Schultz, Trevor Daley - PP : Henrik Tallinder - PK : Justin Schultz, Ian Cole
Penalty Shots
Evgeny Dadonov, Tyler Kennedy, Andreas Johansson, Brandon Yip, Dwight King
% Time on Ice - Sewer Rats
Lines # - Real PCT - Wanted PCT - Time Play
Normal Forward
1 - 33% - 40% - 16:09
2 - 28% - 30% - 13:16
3 - 23% - 20% - 11:17
4 - 16% - 10% - 7:31
Normal Defense
1 - 39% - 40% - 18:52
2 - 30% - 30% - 14:34
3 - 21% - 20% - 10:13
4 - 9% - 10% - 4:34
PP Forward
1 - 60% - 60% - 4:20
2 - 40% - 40% - 2:53
PP Defense
1 - 64% - 60% - 4:36
2 - 36% - 40% - 2:37
PK Forward
1 - 84% - 60% - 3:50
2 - 16% - 40% - 0:44
PK Defense
1 - 61% - 60% - 2:47
2 - 39% - 40% - 1:47
PK3 Forward
1 - 0% - 60%
2 - 0% - 40%
PK3 Defense
1 - 0% - 60%
2 - 0% - 40%
44 Forward
1 - 86% - 60% - 1:11
2 - 14% - 40% - 0:12
44 Defense
1 - 77% - 60% - 1:04
2 - 23% - 40% - 0:19
Last Minute Offensive - 0:00
Last Minute Defensive - 0:00
Total
Forward - 61:23
Defense - 61:23
|
% Time on Ice - Saguenéens
Lines # - Real PCT - Wanted PCT - Time Play
Normal Forward
1 - 30% - 35% - 14:42
2 - 25% - 30% - 12:03
3 - 25% - 25% - 11:55
4 - 20% - 10% - 9:33
Normal Defense
1 - 35% - 33% - 16:40
2 - 32% - 32% - 15:24
3 - 30% - 30% - 14:22
4 - 4% - 5% - 1:47
PP Forward
1 - 52% - 55% - 2:22
2 - 48% - 45% - 2:12
PP Defense
1 - 71% - 55% - 3:14
2 - 29% - 45% - 1:20
PK Forward
1 - 49% - 50% - 3:34
2 - 51% - 50% - 3:39
PK Defense
1 - 54% - 50% - 3:54
2 - 46% - 50% - 3:19
PK3 Forward
1 - 67% - 50% - 0:32
2 - 33% - 50% - 0:16
PK3 Defense
1 - 0% - 50% - 0:00
2 - 100% - 50% - 0:48
44 Forward
1 - 60% - 50% - 0:21
2 - 40% - 50% - 0:14
44 Defense
1 - 100% - 50% - 0:35
2 - 0% - 50% - 0:00
Last Minute Offensive - 0:00
Last Minute Defensive - 0:00
Total
Forward - 61:23
Defense - 61:23
|
Play by Play
1st period
0:01 of 1st period - Tyler Kennedy wins face-off versus Stéphane Yelle in neutral zone.
0:32 of 1st period - Snap shot by Kyle Okposo.
0:32 of 1st period - Stopped by James Reimer with a rebound.
0:52 of 1st period - Andreas Johansson is hit by John Erskine and loses puck.
1:13 of 1st period - Max Pacioretty is hit by Wayne Primeau and loses puck.
1:30 of 1st period - Snap shot by Evgeny Dadonov.
1:30 of 1st period - Shot Blocked by Zach Bogosian.
1:32 of 1st period - Slapshot by Trevor Daley.
1:32 of 1st period - Shot Blocked by Niko Dimitrakos.
1:34 of 1st period - Slapshot by Trevor Daley.
1:34 of 1st period - Shot Misses the Net.
1:36 of 1st period - Slapshot by Kevin Marshall.
1:36 of 1st period - Shot Misses the Net.
1:53 of 1st period - Slapshot by Brandon Yip.
1:53 of 1st period - Shot Blocked by Zach Bogosian.
1:55 of 1st period - Wrist shot by Trevor Daley.
1:55 of 1st period - Shot Misses the Net.
2:09 of 1st period - Wrist shot by Mark Mancari.
2:09 of 1st period - Goal by Mark Mancari - Sewer Rats : 1 - Saguenéens : 0.
2:10 of 1st period - Tyler Kennedy wins face-off versus Stéphane Yelle in neutral zone.
2:40 of 1st period - Slapshot by John-Michael Liles.
2:40 of 1st period - Stopped by James Reimer without a rebound.
2:41 of 1st period - Kyle Brodziak wins face-off versus Brandon Sutter in Saguenéens zone.
2:45 of 1st period - Off-side.
2:46 of 1st period - Kyle Turris wins face-off versus Brian Flynn in neutral zone.
3:17 of 1st period - Snap shot by Brandon Yip.
3:17 of 1st period - Shot Misses the Net.
3:21 of 1st period - Backhand shot by Kyle Brodziak.
3:21 of 1st period - Shot Blocked by Matt Lashoff.
3:33 of 1st period - Snap shot by Kyle Okposo.
3:33 of 1st period - Shot Misses the Net.
3:35 of 1st period - Snap shot by John Erskine.
3:35 of 1st period - Stopped by James Reimer with a rebound.
3:37 of 1st period - Wrist shot by John Erskine.
3:37 of 1st period - Shot Misses the Net.
4:35 of 1st period - Kyle Brodziak is hit by Stéphane Yelle and loses puck.
4:40 of 1st period - Wrist shot by Dustin Byfuglien.
4:40 of 1st period - Shot Misses the Net.
4:42 of 1st period - Snap shot by Stéphane Yelle.
4:42 of 1st period - Shot Misses the Net.
4:44 of 1st period - Slapshot by Mike Mottau.
4:44 of 1st period - Shot Misses the Net.
4:46 of 1st period - Snap shot by John-Michael Liles.
4:46 of 1st period - Shot Misses the Net.
6:10 of 1st period - Evgeny Dadonov is hit by Dustin Byfuglien and loses puck.
6:23 of 1st period - Slapshot by Kyle Okposo.
6:23 of 1st period - Deflect By Tyler Kennedy.
6:23 of 1st period - Stopped by James Reimer with a rebound.
6:47 of 1st period - Slapshot by Justin Schultz.
6:47 of 1st period - Stopped by Jhonas Enroth without a rebound.
6:48 of 1st period - Stéphane Yelle wins face-off versus Wayne Primeau in Sewer Rats zone.
6:59 of 1st period - Snap shot by Stéphane Yelle.
6:59 of 1st period - Goal by Stéphane Yelle - Sewer Rats : 2 - Saguenéens : 0.
7:00 of 1st period - Kyle Brodziak wins face-off versus Stéphane Yelle in neutral zone.
7:30 of 1st period - Evgeny Dadonov is hit by John Erskine.
7:58 of 1st period - Wrist shot by Andreas Johansson.
7:58 of 1st period - Shot Blocked by John Erskine.
8:00 of 1st period - Slapshot by Trevor Daley.
8:00 of 1st period - Stopped by Jhonas Enroth with a rebound.
8:02 of 1st period - Wrist shot by Kevin Marshall.
8:02 of 1st period - Stopped by Jhonas Enroth with a rebound.
8:43 of 1st period - Minor Penalty to Lars Eller for Hooking.
8:44 of 1st period - Tyler Kennedy wins face-off versus Stéphane Yelle in Sewer Rats zone.
8:56 of 1st period - Wrist shot by Tyler Kennedy.
8:56 of 1st period - Stopped by Jhonas Enroth with a rebound.
8:58 of 1st period - Slapshot by Mike Van Ryn.
8:58 of 1st period - Shot Blocked by Dustin Byfuglien.
9:00 of 1st period - Wrist shot by Tyler Kennedy.
9:00 of 1st period - Deflect By Evgeny Dadonov.
9:00 of 1st period - Shot Blocked by Stéphane Yelle.
9:00 of 1st period - Puck is out of play.
9:01 of 1st period - Andreas Johansson wins face-off versus Stéphane Yelle in Sewer Rats zone.
9:04 of 1st period - Slapshot by Andreas Johansson.
9:04 of 1st period - Shot Misses the Net.
10:30 of 1st period - Matt Lashoff is hit by Wayne Simmonds and loses puck.
10:43 of 1st period - Penalty to Lars Eller is over, Lars Eller is back on ice.
10:51 of 1st period - Lars Eller is hit by Eric Tangradi and loses puck.
10:58 of 1st period - Wrist shot by Wayne Primeau.
10:58 of 1st period - Deflect By Eric Tangradi.
10:58 of 1st period - Stopped by Jhonas Enroth with a rebound.
12:02 of 1st period - Icing by Mike Mottau.
12:03 of 1st period - Mark Mancari wins face-off versus Kyle Brodziak in Sewer Rats zone.
12:47 of 1st period - Wayne Simmonds is hit by Niko Dimitrakos and loses puck.
14:39 of 1st period - Wayne Simmonds is hit by Kyle Okposo and loses puck.
14:48 of 1st period - Wrist shot by Ville Leino.
14:48 of 1st period - Goal by Ville Leino - Sewer Rats : 3 - Saguenéens : 0.
14:49 of 1st period - Stéphane Yelle wins face-off versus Tyler Kennedy in neutral zone.
15:05 of 1st period - Icing by John-Michael Liles.
15:06 of 1st period - Brandon Yip wins face-off versus Stéphane Yelle in Sewer Rats zone.
15:17 of 1st period - Wrist shot by Kyle Brodziak.
15:17 of 1st period - Shot Blocked by Mike Mottau.
15:19 of 1st period - Wrist shot by Dwight King.
15:19 of 1st period - Deflect By Brandon Yip.
15:19 of 1st period - Goal by Brandon Yip - Sewer Rats : 3 - Saguenéens : 1.
15:20 of 1st period - Tyler Kennedy wins face-off versus Stéphane Yelle in neutral zone.
15:49 of 1st period - Mike Mottau is hit by Kyle Brodziak and loses puck.
15:54 of 1st period - Snap shot by Kyle Brodziak.
15:54 of 1st period - Stopped by Jhonas Enroth with a rebound.
15:56 of 1st period - Wrist shot by Kyle Brodziak.
15:56 of 1st period - Shot Misses the Net.
16:44 of 1st period - Dustin Byfuglien is hit by Wayne Simmonds and loses puck.
16:57 of 1st period - Slapshot by John-Michael Liles.
16:57 of 1st period - Stopped by James Reimer without a rebound.
16:58 of 1st period - Lars Eller wins face-off versus Kyle Brodziak in Saguenéens zone.
17:01 of 1st period - Snap shot by Lars Eller.
17:01 of 1st period - Shot Blocked by Dwight King.
17:04 of 1st period - Icing by Kevin Marshall.
17:05 of 1st period - Kyle Brodziak wins face-off versus Stéphane Yelle in Saguenéens zone.
17:10 of 1st period - Wrist shot by Stéphane Yelle.
17:10 of 1st period - Shot Blocked by Brandon Yip.
17:12 of 1st period - Wrist shot by Stéphane Yelle.
17:12 of 1st period - Shot Blocked by Brandon Yip.
17:14 of 1st period - Slapshot by John Erskine.
17:14 of 1st period - Stopped by James Reimer with a rebound.
17:16 of 1st period - Snap shot by Dustin Byfuglien.
17:16 of 1st period - Shot Blocked by Trevor Daley.
17:18 of 1st period - Backhand shot by Stéphane Yelle.
17:18 of 1st period - Stopped by James Reimer without a rebound.
17:19 of 1st period - Stéphane Yelle wins face-off versus Tyler Kennedy in Saguenéens zone.
17:24 of 1st period - Wrist shot by Stéphane Yelle.
17:24 of 1st period - Stopped by James Reimer with a rebound.
17:26 of 1st period - Snap shot by Max Pacioretty.
17:26 of 1st period - Stopped by James Reimer with a rebound.
17:50 of 1st period - Slapshot by Kyle Okposo.
17:50 of 1st period - Stopped by James Reimer without a rebound.
17:51 of 1st period - Brandon Sutter wins face-off versus Brian Flynn in Saguenéens zone.
17:55 of 1st period - Minor Penalty to Justin Schultz for Hooking.
17:56 of 1st period - Wayne Primeau wins face-off versus Stéphane Yelle in Saguenéens zone.
18:02 of 1st period - Snap shot by Stéphane Yelle.
18:02 of 1st period - Stopped by James Reimer without a rebound.
18:03 of 1st period - Stéphane Yelle wins face-off versus Wayne Primeau in Saguenéens zone.
18:06 of 1st period - Wrist shot by Dustin Byfuglien.
18:06 of 1st period - Stopped by James Reimer without a rebound.
18:07 of 1st period - Andreas Johansson wins face-off versus Stéphane Yelle in Saguenéens zone.
18:32 of 1st period - Kevin Marshall is hit by Niko Dimitrakos and loses puck.
19:50 of 1st period - Brandon Sutter is hit by Trevor Daley and loses puck.
19:55 of 1st period - Penalty to Justin Schultz is over, Justin Schultz is back on ice.
Goals for this period are 3 for Sewer Rats vs 1 for Saguenéens.
Shots for this period are 15 for Sewer Rats vs 7 for Saguenéens.
2nd period
0:01 of 2nd period - Stéphane Yelle wins face-off versus Tyler Kennedy in neutral zone.
1:18 of 2nd period - Wrist shot by Niko Dimitrakos.
1:18 of 2nd period - Shot Blocked by Mike Van Ryn.
1:20 of 2nd period - Snap shot by Lars Eller.
1:20 of 2nd period - Shot Misses the Net.
2:15 of 2nd period - Snap shot by Max Pacioretty.
2:15 of 2nd period - Deflect By Stéphane Yelle.
2:15 of 2nd period - Shot Hit the Post.
2:15 of 2nd period - Puck is out of play.
2:16 of 2nd period - Tyler Kennedy wins face-off versus Brandon Sutter in Saguenéens zone.
2:51 of 2nd period - Snap shot by Trevor Daley.
2:51 of 2nd period - Stopped by Jhonas Enroth with a rebound.
2:53 of 2nd period - Snap shot by Brandon Yip.
2:53 of 2nd period - Shot Misses the Net.
3:00 of 2nd period - Icing by Vojtech Polak.
3:01 of 2nd period - Brian Flynn wins face-off versus Lars Eller in Sewer Rats zone.
3:04 of 2nd period - Snap shot by Andreas Johansson.
3:04 of 2nd period - Stopped by Jhonas Enroth with a rebound.
3:54 of 2nd period - Snap shot by Brandon Yip.
3:54 of 2nd period - Shot Misses the Net.
4:35 of 2nd period - Snap shot by Joffrey Lupul.
4:35 of 2nd period - Shot Blocked by John-Michael Liles.
4:49 of 2nd period - Wrist shot by Evgeny Dadonov.
4:49 of 2nd period - Shot Blocked by Ville Leino.
4:51 of 2nd period - Snap shot by Evgeny Dadonov.
4:51 of 2nd period - Stopped by Jhonas Enroth with a rebound.
4:53 of 2nd period - Slapshot by Evgeny Dadonov.
4:53 of 2nd period - Shot Misses the Net.
4:55 of 2nd period - Snap shot by Evgeny Dadonov.
4:55 of 2nd period - Stopped by Jhonas Enroth with a rebound.
4:57 of 2nd period - Slapshot by Wayne Simmonds.
4:57 of 2nd period - Shot Misses the Net.
4:59 of 2nd period - Backhand shot by Wayne Simmonds.
4:59 of 2nd period - Stopped by Jhonas Enroth with a rebound.
5:18 of 2nd period - Snap shot by Kyle Brodziak.
5:18 of 2nd period - Stopped by Jhonas Enroth with a rebound.
5:56 of 2nd period - Slapshot by Trevor Daley.
5:56 of 2nd period - Stopped by Jhonas Enroth without a rebound.
5:57 of 2nd period - Stéphane Yelle wins face-off versus Brian Flynn in Sewer Rats zone.
6:16 of 2nd period - Wrist shot by Henrik Tallinder.
6:16 of 2nd period - Shot Blocked by Zach Bogosian.
6:42 of 2nd period - Backhand shot by Joffrey Lupul.
6:42 of 2nd period - Stopped by Jhonas Enroth with a rebound.
7:06 of 2nd period - Slapshot by Andreas Johansson.
7:06 of 2nd period - Shot Misses the Net.
7:15 of 2nd period - Icing by Ian Cole.
7:16 of 2nd period - Stéphane Yelle wins face-off versus Brian Flynn in Saguenéens zone.
7:19 of 2nd period - Slapshot by Max Pacioretty.
7:19 of 2nd period - Shot Misses the Net.
7:21 of 2nd period - Snap shot by Matt Lashoff.
7:21 of 2nd period - Stopped by James Reimer without a rebound.
7:22 of 2nd period - Max Pacioretty wins face-off versus Tyler Kennedy in Saguenéens zone.
7:32 of 2nd period - Off-side.
7:33 of 2nd period - Stéphane Yelle wins face-off versus Tyler Kennedy in neutral zone.
7:40 of 2nd period - Slapshot by Dustin Byfuglien.
7:40 of 2nd period - Stopped by James Reimer with a rebound.
7:58 of 2nd period - Vojtech Polak is hit by Henrik Tallinder and loses puck.
8:03 of 2nd period - Wrist shot by Kyle Brodziak.
8:03 of 2nd period - Shot Blocked by John-Michael Liles.
8:05 of 2nd period - Backhand shot by Kyle Brodziak.
8:05 of 2nd period - Shot Blocked by John-Michael Liles.
8:07 of 2nd period - Snap shot by Dwight King.
8:07 of 2nd period - Shot Misses the Net.
8:25 of 2nd period - Slapshot by John-Michael Liles.
8:25 of 2nd period - Shot Misses the Net.
8:55 of 2nd period - Stéphane Yelle is hit by Trevor Daley and loses puck.
9:43 of 2nd period - Matt Lashoff is hit by Ian Cole and loses puck.
9:51 of 2nd period - Off-side.
9:52 of 2nd period - Tyler Kennedy wins face-off versus Stéphane Yelle in neutral zone.
10:08 of 2nd period - Snap shot by Tyler Kennedy.
10:08 of 2nd period - Shot Misses the Net.
10:45 of 2nd period - Henrik Tallinder is hit by Patrick Bordeleau and loses puck.
10:57 of 2nd period - Off-side.
10:58 of 2nd period - Stéphane Yelle wins face-off versus Tyler Kennedy in neutral zone.
11:23 of 2nd period - Ville Leino is hit by Dwight King and loses puck.
11:56 of 2nd period - Wrist shot by Vojtech Polak.
11:56 of 2nd period - Stopped by James Reimer with a rebound.
11:58 of 2nd period - Snap shot by Kyle Quincey.
11:58 of 2nd period - Deflect By Vojtech Polak.
11:58 of 2nd period - Stopped by James Reimer with a rebound.
12:20 of 2nd period - Slapshot by John-Michael Liles.
12:20 of 2nd period - Stopped by James Reimer with a rebound.
13:13 of 2nd period - Slapshot by Mike Van Ryn.
13:13 of 2nd period - Stopped by Jhonas Enroth without a rebound.
13:14 of 2nd period - Wayne Primeau wins face-off versus Kyle Turris in Sewer Rats zone.
13:17 of 2nd period - Backhand shot by Wayne Primeau.
13:17 of 2nd period - Shot Misses the Net.
13:19 of 2nd period - Snap shot by Kevin Marshall.
13:19 of 2nd period - Stopped by Jhonas Enroth with a rebound.
13:21 of 2nd period - Slapshot by Kevin Marshall.
13:21 of 2nd period - Shot Blocked by Vojtech Polak.
13:23 of 2nd period - Slapshot by Trevor Daley.
13:23 of 2nd period - Stopped by Jhonas Enroth with a rebound.
13:25 of 2nd period - Wrist shot by Wayne Primeau.
13:25 of 2nd period - Stopped by Jhonas Enroth with a rebound.
13:27 of 2nd period - Slapshot by Kevin Marshall.
13:27 of 2nd period - Deflect By Eric Tangradi.
13:27 of 2nd period - Deflect By Kyle Turris.
13:27 of 2nd period - Stopped by Jhonas Enroth with a rebound.
13:29 of 2nd period - Snap shot by Wayne Primeau.
13:29 of 2nd period - Shot Blocked by Mark Mancari.
13:43 of 2nd period - John Erskine is hit by Trevor Daley and loses puck.
13:52 of 2nd period - Wrist shot by Dwight King.
13:52 of 2nd period - Shot Misses the Net.
14:09 of 2nd period - Snap shot by Tyler Kennedy.
14:09 of 2nd period - Shot Misses the Net.
14:11 of 2nd period - Wrist shot by Evgeny Dadonov.
14:11 of 2nd period - Deflect By Wayne Simmonds.
14:11 of 2nd period - Saguenéens goal is going for a video replay.
14:11 of 2nd period - The goal is refused. The net was displaced accidentally..
14:12 of 2nd period - Brandon Yip wins face-off versus Stéphane Yelle in Sewer Rats zone.
14:38 of 2nd period - Snap shot by Kyle Brodziak.
14:38 of 2nd period - Shot Blocked by Brandon Sutter.
14:40 of 2nd period - Snap shot by Wayne Simmonds.
14:40 of 2nd period - Shot Misses the Net.
14:42 of 2nd period - Backhand shot by Ian Cole.
14:42 of 2nd period - Stopped by Jhonas Enroth with a rebound.
15:12 of 2nd period - Snap shot by Kyle Okposo.
15:12 of 2nd period - Shot Misses the Net.
15:14 of 2nd period - Snap shot by John-Michael Liles.
15:14 of 2nd period - Deflect By Eric Tangradi.
15:14 of 2nd period - Stopped by James Reimer with a rebound.
15:16 of 2nd period - Wrist shot by Brandon Sutter.
15:16 of 2nd period - Shot Misses the Net.
15:18 of 2nd period - Slapshot by Mike Mottau.
15:18 of 2nd period - Shot Hit the Post.
15:20 of 2nd period - Snap shot by Brandon Sutter.
15:20 of 2nd period - Stopped by James Reimer without a rebound.
15:21 of 2nd period - Evgeny Dadonov wins face-off versus Stéphane Yelle in Saguenéens zone.
15:36 of 2nd period - Wrist shot by Evgeny Dadonov.
15:36 of 2nd period - Deflect By Tyler Kennedy.
15:36 of 2nd period - Shot Blocked by Matt Lashoff.
15:36 of 2nd period - Puck is out of play.
15:37 of 2nd period - Kyle Brodziak wins face-off versus Kyle Turris in Sewer Rats zone.
16:04 of 2nd period - Tyler Kennedy is hit by Max Pacioretty and loses puck.
16:11 of 2nd period - Slapshot by Dustin Byfuglien.
16:11 of 2nd period - Shot Misses the Net.
16:23 of 2nd period - Snap shot by Andreas Johansson.
16:23 of 2nd period - Deflect By Brian Flynn.
16:23 of 2nd period - Stopped by Jhonas Enroth with a rebound.
16:25 of 2nd period - Slapshot by Kevin Marshall.
16:25 of 2nd period - Deflect By Ville Leino.
16:25 of 2nd period - Stopped by Jhonas Enroth with a rebound.
16:27 of 2nd period - Wrist shot by Joffrey Lupul.
16:27 of 2nd period - Stopped by Jhonas Enroth with a rebound.
16:29 of 2nd period - Slapshot by Kevin Marshall.
16:29 of 2nd period - Stopped by Jhonas Enroth with a rebound.
16:31 of 2nd period - Snap shot by Brian Flynn.
16:31 of 2nd period - Shot Blocked by Zach Bogosian.
16:33 of 2nd period - Slapshot by Kevin Marshall.
16:33 of 2nd period - Shot Blocked by Ville Leino.
18:11 of 2nd period - Snap shot by Eric Tangradi.
18:11 of 2nd period - Shot Blocked by John-Michael Liles.
18:22 of 2nd period - Niko Dimitrakos is hit by Eric Tangradi and loses puck.
18:54 of 2nd period - Kevin Marshall is hit by Patrick Bordeleau and loses puck.
19:01 of 2nd period - Snap shot by Niko Dimitrakos.
19:01 of 2nd period - Shot Misses the Net.
19:03 of 2nd period - Wrist shot by Niko Dimitrakos.
19:03 of 2nd period - Stopped by James Reimer with a rebound.
19:09 of 2nd period - Slapshot by Niko Dimitrakos.
19:09 of 2nd period - Stopped by James Reimer without a rebound.
19:10 of 2nd period - Stéphane Yelle wins face-off versus Tyler Kennedy in Saguenéens zone.
19:19 of 2nd period - Slapshot by Mike Van Ryn.
19:19 of 2nd period - Shot Blocked by John Erskine.
19:37 of 2nd period - Brandon Yip is hit by Kyle Okposo and loses puck.
19:43 of 2nd period - Off-side.
19:44 of 2nd period - Kyle Okposo wins face-off versus Kyle Brodziak in neutral zone.
Goals for this period are 0 for Sewer Rats vs 0 for Saguenéens.
Shots for this period are 9 for Sewer Rats vs 19 for Saguenéens.
3rd period
0:01 of 3rd period - Tyler Kennedy wins face-off versus Stéphane Yelle in neutral zone.
0:07 of 3rd period - Minor Penalty to Wayne Simmonds for Hooking.
0:08 of 3rd period - Stéphane Yelle wins face-off versus Andreas Johansson in Saguenéens zone.
0:40 of 3rd period - Slapshot by Matt Lashoff.
0:40 of 3rd period - Shot Hit the Post.
0:49 of 3rd period - Icing by Ville Leino.
0:50 of 3rd period - Brandon Yip wins face-off versus Stéphane Yelle in Sewer Rats zone.
1:34 of 3rd period - Mike Van Ryn is hit by Dustin Byfuglien and loses puck.
2:07 of 3rd period - Penalty to Wayne Simmonds is over, Wayne Simmonds is back on ice.
2:10 of 3rd period - Ville Leino is hit by Trevor Daley and loses puck.
2:25 of 3rd period - Snap shot by Brandon Sutter.
2:25 of 3rd period - Shot Misses the Net.
2:27 of 3rd period - Snap shot by Niko Dimitrakos.
2:27 of 3rd period - Shot Misses the Net.
2:59 of 3rd period - Snap shot by Ville Leino.
2:59 of 3rd period - Stopped by James Reimer with a rebound.
3:01 of 3rd period - Slapshot by Matt Lashoff.
3:01 of 3rd period - Deflect By Ville Leino.
3:01 of 3rd period - Stopped by James Reimer with a rebound.
3:03 of 3rd period - Wrist shot by John Erskine.
3:03 of 3rd period - Stopped by James Reimer with a rebound.
3:19 of 3rd period - Slapshot by Ville Leino.
3:19 of 3rd period - Stopped by James Reimer with a rebound.
3:21 of 3rd period - Snap shot by Matt Lashoff.
3:21 of 3rd period - Deflect By Niko Dimitrakos.
3:21 of 3rd period - Shot Misses the Net.
3:21 of 3rd period - Puck is out of play.
3:22 of 3rd period - Wayne Primeau wins face-off versus Stéphane Yelle in Saguenéens zone.
3:46 of 3rd period - Minor Penalty to Max Pacioretty for Delaying the game.
3:47 of 3rd period - Andreas Johansson wins face-off versus Stéphane Yelle in Sewer Rats zone.
3:50 of 3rd period - Backhand shot by Brandon Yip.
3:50 of 3rd period - Stopped by Jhonas Enroth with a rebound.
3:52 of 3rd period - Snap shot by Dwight King.
3:52 of 3rd period - Shot Blocked by Mike Mottau.
3:54 of 3rd period - Backhand shot by Justin Schultz.
3:54 of 3rd period - Stopped by Jhonas Enroth without a rebound.
3:55 of 3rd period - Andreas Johansson wins face-off versus Stéphane Yelle in Sewer Rats zone.
4:08 of 3rd period - Wrist shot by Andreas Johansson.
4:08 of 3rd period - Stopped by Jhonas Enroth with a rebound.
4:10 of 3rd period - Snap shot by Brandon Yip.
4:10 of 3rd period - Shot Misses the Net.
5:21 of 3rd period - Icing by Andreas Johansson.
5:22 of 3rd period - Tyler Kennedy wins face-off versus Brandon Sutter in Saguenéens zone.
5:46 of 3rd period - Penalty to Max Pacioretty is over, Max Pacioretty is back on ice.
6:15 of 3rd period - Wrist shot by Trevor Daley.
6:15 of 3rd period - Stopped by Jhonas Enroth without a rebound.
6:16 of 3rd period - Brian Flynn wins face-off versus Stéphane Yelle in Sewer Rats zone.
6:27 of 3rd period - Snap shot by Joffrey Lupul.
6:27 of 3rd period - Deflect By Max Pacioretty.
6:27 of 3rd period - Shot Misses the Net.
6:27 of 3rd period - Puck is out of play.
6:28 of 3rd period - Stéphane Yelle wins face-off versus Tyler Kennedy in Sewer Rats zone.
6:28 of 3rd period - Stéphane Yelle is hit by Justin Schultz.
6:37 of 3rd period - Minor Penalty to Evgeny Dadonov for Diving.
6:38 of 3rd period - Wayne Primeau wins face-off versus Stéphane Yelle in Saguenéens zone.
6:46 of 3rd period - Slapshot by Stéphane Yelle.
6:46 of 3rd period - Stopped by James Reimer without a rebound.
6:47 of 3rd period - Stéphane Yelle wins face-off versus Wayne Primeau in Saguenéens zone.
7:41 of 3rd period - Slapshot by Stéphane Yelle.
7:41 of 3rd period - Shot Misses the Net.
7:49 of 3rd period - Slapshot by Dustin Byfuglien.
7:49 of 3rd period - Stopped by James Reimer with a rebound.
7:51 of 3rd period - Snap shot by Dustin Byfuglien.
7:51 of 3rd period - Shot Hit the Post.
7:53 of 3rd period - Slapshot by John-Michael Liles.
7:53 of 3rd period - Goal by John-Michael Liles - Sewer Rats : 4 - Saguenéens : 1.
7:54 of 3rd period - Wayne Simmonds wins face-off versus Brandon Sutter in neutral zone.
9:14 of 3rd period - Minor Penalty to Zach Bogosian for Diving.
9:15 of 3rd period - Tyler Kennedy wins face-off versus Stéphane Yelle in Sewer Rats zone.
9:50 of 3rd period - Slapshot by Mike Van Ryn.
9:50 of 3rd period - Goal by Mike Van Ryn - Sewer Rats : 4 - Saguenéens : 2.
9:51 of 3rd period - Stéphane Yelle wins face-off versus Tyler Kennedy in neutral zone.
10:06 of 3rd period - Snap shot by Dustin Byfuglien.
10:06 of 3rd period - Stopped by James Reimer with a rebound.
10:08 of 3rd period - Minor Penalty to Wayne Simmonds for Hooking.
10:09 of 3rd period - Wayne Primeau wins face-off versus Stéphane Yelle in Saguenéens zone.
10:24 of 3rd period - Wrist shot by Stéphane Yelle.
10:24 of 3rd period - Shot Blocked by Wayne Primeau.
10:38 of 3rd period - Snap shot by Niko Dimitrakos.
10:38 of 3rd period - Stopped by James Reimer without a rebound.
10:39 of 3rd period - Niko Dimitrakos wins face-off versus Andreas Johansson in Saguenéens zone.
10:50 of 3rd period - Backhand shot by Ville Leino.
10:50 of 3rd period - Shot Misses the Net.
10:52 of 3rd period - Snap shot by Ville Leino.
10:52 of 3rd period - Shot Misses the Net.
10:54 of 3rd period - Snap shot by Niko Dimitrakos.
10:54 of 3rd period - Shot Misses the Net.
11:04 of 3rd period - John Erskine is hit by Brandon Yip and loses puck.
11:11 of 3rd period - John-Michael Liles is hit by Wayne Primeau and loses puck.
11:18 of 3rd period - Wayne Primeau is hit by Dustin Byfuglien and loses puck.
12:08 of 3rd period - Penalty to Wayne Simmonds is over, Wayne Simmonds is back on ice.
12:14 of 3rd period - Wrist shot by Tyler Kennedy.
12:14 of 3rd period - Shot Hit the Post.
12:20 of 3rd period - Wrist shot by Tyler Kennedy.
12:20 of 3rd period - Stopped by Jhonas Enroth with a rebound.
12:22 of 3rd period - Snap shot by Evgeny Dadonov.
12:22 of 3rd period - Stopped by Jhonas Enroth with a rebound.
12:24 of 3rd period - Snap shot by Tyler Kennedy.
12:24 of 3rd period - Shot Misses the Net.
13:47 of 3rd period - Vojtech Polak is hit by Henrik Tallinder and loses puck.
14:28 of 3rd period - Off-side.
14:29 of 3rd period - Brian Flynn wins face-off versus Stéphane Yelle in neutral zone.
14:42 of 3rd period - Slapshot by Andreas Johansson.
14:42 of 3rd period - Goal by Andreas Johansson - Sewer Rats : 4 - Saguenéens : 3.
14:43 of 3rd period - Stéphane Yelle wins face-off versus Tyler Kennedy in neutral zone.
14:46 of 3rd period - Slapshot by John-Michael Liles.
14:46 of 3rd period - Stopped by James Reimer with a rebound.
15:08 of 3rd period - Joffrey Lupul is hit by Mike Mottau and loses puck.
15:19 of 3rd period - Wrist shot by Vojtech Polak.
15:19 of 3rd period - Stopped by James Reimer with a rebound.
15:36 of 3rd period - Backhand shot by Ville Leino.
15:36 of 3rd period - Stopped by James Reimer with a rebound.
15:38 of 3rd period - Wrist shot by Brandon Sutter.
15:38 of 3rd period - Stopped by James Reimer without a rebound.
15:39 of 3rd period - Stéphane Yelle wins face-off versus Tyler Kennedy in Saguenéens zone.
15:43 of 3rd period - Icing by Wayne Simmonds.
15:44 of 3rd period - Tyler Kennedy wins face-off versus Stéphane Yelle in Saguenéens zone.
15:59 of 3rd period - Slapshot by Evgeny Dadonov.
15:59 of 3rd period - Stopped by Jhonas Enroth with a rebound.
16:12 of 3rd period - Off-side.
16:13 of 3rd period - Brian Flynn wins face-off versus Kyle Turris in neutral zone.
16:17 of 3rd period - Off-side.
16:18 of 3rd period - Kyle Turris wins face-off versus Brian Flynn in neutral zone.
17:50 of 3rd period - Slapshot by Henrik Tallinder.
17:50 of 3rd period - Deflect By Kyle Turris.
17:50 of 3rd period - Stopped by Jhonas Enroth without a rebound.
17:51 of 3rd period - Kyle Turris wins face-off versus Brian Flynn in Sewer Rats zone.
18:14 of 3rd period - Vojtech Polak is hit by Andreas Johansson and loses puck.
18:35 of 3rd period - Brian Flynn is hit by John Erskine and loses puck.
18:42 of 3rd period - Matt Lashoff is hit by Joffrey Lupul and loses puck.
18:53 of 3rd period - Snap shot by Joffrey Lupul.
18:53 of 3rd period - Shot Blocked by Mark Mancari.
18:55 of 3rd period - Wrist shot by Andreas Johansson.
18:55 of 3rd period - Goal by Andreas Johansson - Sewer Rats : 4 - Saguenéens : 4.
18:56 of 3rd period - Tyler Kennedy wins face-off versus Stéphane Yelle in neutral zone.
19:17 of 3rd period - Dustin Byfuglien is hit by Mike Van Ryn and loses puck.
19:40 of 3rd period - Ville Leino is hit by Wayne Primeau and loses puck.
Goals for this period are 1 for Sewer Rats vs 3 for Saguenéens.
Shots for this period are 13 for Sewer Rats vs 11 for Saguenéens.
Overtime #1
0:01 of 1st overtime period - Wayne Primeau wins face-off versus Stéphane Yelle in neutral zone.
0:26 of 1st overtime period - Dustin Byfuglien is hit by Evgeny Dadonov and loses puck.
0:34 of 1st overtime period - Minor Penalty to Tyler Kennedy for Hooking.
0:35 of 1st overtime period - Stéphane Yelle wins face-off versus Andreas Johansson in Saguenéens zone.
1:23 of 1st overtime period - Wrist shot by Max Pacioretty.
1:23 of 1st overtime period - Goal by Max Pacioretty - Sewer Rats : 5 - Saguenéens : 4.
Goals for this period are 1 for Sewer Rats vs 0 for Saguenéens.
Shots for this period are 1 for Sewer Rats vs 0 for Saguenéens.
Output by the SimonT Hockey Simulator (STHS) for François Prévost -- Original Page W3C XHTML 1.0 Valid